 Dungeon Crawl Stone Soup version 0.26-a0-1132-ge9770dfcb6 (webtiles) character file.

Game seed: 3274216856073042164

1520 sahdkjhfkaj the Chopper (level 8, -18/71 HPs)
             Began as a Minotaur Gladiator on Dec 20, 2020.
             Demolished by an orc warrior
             ... wielding a +0 dire flail
              (19 damage)
             ... on level 8 of the Dungeon.
             The game lasted 00:04:36 (5810 turns).

sahdkjhfkaj the Chopper (Minotaur Gladiator)        Turns: 5810, Time: 00:04:37

Health: -18/71     AC:  1    Str: 21    XL:     8   Next: 54%
Magic:  7/7        EV: 19    Int:  5    God:
Gold:   335        SH:  0    Dex: 12    Spells: 7/7 levels left

rFire    . . .     SeeInvis .   a - +0 war axe
rCold    + . .     Faith    .   (no shield)
rNeg     . . .     Spirit   .   (no armour)
rPois    .         Reflect  .   c - +0 hat
rElec    .         Harm     .   v - +0 cloak
rCorr    .         Rampage  .   (no gloves)
Will     .....                  (no boots)
Stlth    +.........             (no amulet)
HPRegen  0.21/turn              m - +4 ring of evasion
MPRegen  0.10/turn              l - ring of protection from cold

@: no status effects
A: retaliatory headbutt, horns 2
a: no special abilities


You were on level 8 of the Dungeon.
You visited 1 branch of the dungeon, and saw 8 of its levels.
You also visited: Sewer.

You collected 335 gold pieces.

Inventory:

Hand Weapons
 a - a +0 war axe (weapon)
Missiles
 B - a throwing net (quivered) {!f}
Armour
 b - a +0 chain mail
 c - a +0 hat (worn)
 v - a +0 cloak (worn)
Jewellery
 g - an uncursed ring of positive energy
 h - a +6 ring of intelligence
 l - a ring of protection from cold (right hand)
 m - a +4 ring of evasion (left hand)
Wands
 i - a wand of polymorph (11)
 x - a wand of paralysis (9)
Scrolls
 e - a scroll of magic mapping
 j - 4 scrolls of remove curse
 k - 2 scrolls of teleportation {!r}
 n - a scroll of enchant weapon
 t - a scroll of enchant armour
 u - a scroll of blinking
 w - 2 scrolls of amnesia {unknown}
 y - a scroll of identify
Potions
 d - a potion of flight {unknown}
 f - 2 potions of lignification
 o - a potion of haste {unknown}
 p - a potion of attraction {unknown}
 q - a potion of resistance {unknown}
 r - 3 potions of curing
 s - a potion of degeneration {unknown}
 z - a potion of heal wounds {unknown}
 A - 2 potions of ambrosia {unknown}


   Skills:
 + Level 6.8 Fighting
 + Level 7.4 Axes
 + Level 5.6 Throwing
 + Level 6.7 Dodging


You had 7 spell levels left.
You didn't know any spells.
Your spell library contained the following spells:

 Spells                   Type           Power        Failure   Level
 Beastly Appendage        Tmut           0%           47%         1
 Foxfire                  Conj/Fire      0%           47%         1
 Wereblood                Tmut           0%           63%         2
 Conjure Flame            Conj/Fire      0%           85%         3
 Inner Flame              Hex/Fire       0%           85%         3
 Spider Form              Tmut/Pois      0%           85%         3
 Ice Form                 Ice/Tmut       0%           99%         4
 Sticky Flame             Conj/Fire      0%           99%         4
 Blade Hands              Tmut           0%           100%        5
 Fireball                 Conj/Fire      0%           100%        5


Dungeon Overview and Level Annotations

Branches:
Dungeon (8/15)             Temple (0/1) D:6           Sewer (visited)
   Lair: D:8-11

Altars:
Dithmenos
Makhleb
Nemelex Xobeh
Sif Muna
Trog
Uskayaw
Yredelemnul
The Shining One


Innate Abilities, Weirdness & Mutations

You reflexively headbutt those who attack you in melee.
You have a pair of horns on your head.


Message History

You headbutt the orc warrior. You hit the black bear.
You headbutt the black bear!
The black bear is severely wounded.
You hit the orc warrior. You closely miss the scorpion.
The scorpion barely misses you. You furiously retaliate!
You headbutt the scorpion, but do no damage.
The black bear closely misses you. You furiously retaliate!
You headbutt the black bear, but do no damage.
The black bear closely misses you. x2
The orc priest hits you from afar with a cursed -1 trident.
* * * LOW HITPOINT WARNING * * *
The scorpion misses you.
The orc warrior hits you with a +0 dire flail!
* * * LOW HITPOINT WARNING * * *
You slash the black bear!
You kill the black bear!
You closely miss the orc warrior. You hit the scorpion.
The orc priest completely misses you. The scorpion misses you.
The orc warrior hits you with a +0 dire flail!!
You die...

#######8
..........#
########
#.........#
#.......
#P..P.....#
#.######
+.(.......#
#.#
####P..P.....#
#.#
...P.Po......#
#.#
P...P.o)s...#
#.#
...P...@[...#
#.#
P.PP......./#
#.#
.P.P........#
#.#
............#
#.#
.#####...<..#
#.#
#......#####.#
#............#
#.....########
........


You could see an orc warrior, a scorpion and an orc priest.

Vanquished Creatures
  Sigmund (D:3)
  Menkaure (D:4)
  4 black bears
  An ogre (D:4)
  2 bullfrogs
  Blork the orc (D:6)
  2 hounds
  A centaur skeleton (D:4)
  An orc priest (D:4)
  3 orc wizards (D:4)
  An iguana (D:8)
  A worker ant (D:7)
  2 hound skeletons (D:4)
  A howler monkey skeleton (D:6)
  Robin (D:4)
  12 adders
  A river rat (D:3)
  2 white imps
  2 ufetubi
  11 oozes
  A worm (D:3)
  A dart slug (D:1)
  16 leopard geckos
  24 orcs
  11 giant cockroaches
  13 hobgoblins
  8 jackals
  3 quokkas
  14 ball pythons
  A ball python skeleton (D:4)
  7 bats
  19 frilled lizards
  11 goblins
  12 kobolds
  A quokka skeleton (D:4)
  A quokka zombie (D:5)
  7 rats
201 creatures vanquished.

Vanquished Creatures (others)
  10 fungi (D:8)
  7 plants (D:8)
  3 withered plants (D:7)
20 creatures vanquished.

Grand Total: 221 creatures vanquished

Notes
Turn   | Place    | Note
-------+----------+-------------------------------------------
     0 | D:1      | sahdkjhfkaj the Minotaur Gladiator began the quest for the
                  | Orb.
     0 | D:1      | Reached XP level 1. HP: 18/18 MP: 0/0
   164 | D:1      | Reached XP level 2. HP: 25/25 MP: 1/1
   660 | D:1      | Reached skill level 4 in Axes
   748 | D:1      | Reached XP level 3. HP: 31/31 MP: 2/2
  1435 | D:2      | Found a sparkling altar of Nemelex Xobeh.
  1509 | D:2      | Found a basalt altar of Yredelemnul.
  1824 | D:2      | Reached XP level 4. HP: 26/38 MP: 3/3
  2199 | D:3      | Noticed Sigmund
  2205 | D:3      | Killed Sigmund
  2206 | D:3      | Reached XP level 5. HP: 36/46 MP: 4/4
  2299 | D:3      | Reached skill level 5 in Axes
  2380 | D:3      | Noticed a +0 dagger
  2382 | D:3      | Noticed a +0 dagger
  2384 | D:3      | Found a hide-covered altar of Uskayaw.
  2549 | D:3      | Found a glowing drain.
  2560 | D:3      | Reached XP level 6. HP: 46/52 MP: 5/5
  2566 | Sewer    | Entered a sewer
  3091 | Sewer    | Reached skill level 5 in Dodging
  3633 | D:4      | Reached skill level 5 in Fighting
  3633 | D:4      | Reached XP level 7. HP: 51/61 MP: 6/6
  3847 | D:4      | Noticed Menkaure
  3854 | D:4      | Killed Menkaure
  3855 | D:4      | Reached skill level 6 in Axes
  4237 | D:4      | Noticed Robin
  4246 | D:4      | Killed Robin
  4907 | D:5      | Entered Level 5 of the Dungeon
  5046 | D:5      | Reached skill level 5 in Throwing
  5046 | D:5      | Reached XP level 8. HP: 68/70 MP: 7/7
  5309 | D:5      | Found a burning altar of Makhleb.
  5399 | D:5      | Found a glowing golden altar of the Shining One.
  5495 | D:6      | Found a staircase to the Ecumenical Temple.
  5507 | D:6      | Noticed Blork the orc
  5520 | D:6      | Killed Blork the orc
  5646 | D:7      | Found a bloodstained altar of Trog.
  5656 | D:7      | Reached skill level 7 in Axes
  5732 | D:8      | Found a shadowy altar of Dithmenos.
  5740 | D:8      | Found a shimmering blue altar of Sif Muna.
  5809 | D:8      | HP: 1/71 [orc warrior/+0 dire flail (10)]
  5810 | D:8      | Demolished by an orc warrior

Illustrated notes

Levels and vault maps discovered:
D:1:      tarquinn_simple_flora_water_d, layout_basic, minmay_octomino_e4
D:2:      minmay_evil_eye, layout_basic, yredelemnul_altar_generic,
          nicolae_overflow_crystal_walls
D:3:      layout_basic, dancing_weapons_uskayaw, cheibrodos_sewer_entry_sluice,
          uniq_sigmund
D:4:      wander_river, layout_loops_corners, uniq_robin, uniq_menkaure
D:5:      layout_basic, lemuel_coloured_pillars_altar,
          hangedman_decor_peaks_small, nicolae_tso_carved_into_rock
D:6:      layout_basic, cheibrodos_worm_habitat, minmay_temple_entry_ruins,
          uniq_blork_the_orc
D:7:      minmay_the_grid_octo_tiled_squarecenter
          [minmay_the_grid_octo_vomiting_pacman, minmay_the_grid_octo_shrine,
          minmay_the_grid_octo_empty, minmay_the_grid_octo_empty,
          minmay_the_grid_square_5x5_megaprize_open,
          minmay_the_grid_square_5x5_two_walls_a,
          minmay_the_grid_square_5x5_detours, minmay_the_grid_square_5x5_six,
          minmay_the_grid_square_5x5_checkered], layout_basic,
          trog_ov_bears_minmay, marbit_many_paths, kiku_gazebo_garden_becter,
          chequers_arboretum, uniq_crazy_yiuf_cottage, uniq_maggie
D:8:      layout_basic, fedhas_altar_decomposition, kennysheep_mini_moat,
          minitemple, grunt_lair_entry_orc_guard_hut, gammafunk_ghost_split,
          nicolae_qazlal_style_of_elements

Skill      XL: |  1  2  3  4  5  6  7  8 |
---------------+-------------------------+-----
Axes           | 4 5 6 7 |  7.4
Fighting       | 3 4 5 6 |  6.8
Throwing       | 3 4 5 |  5.6
Dodging        | 4 5 6 |  6.7

Action                   |  1- 3 |  4- 6 |  7- 9 || total
-------------------------+-------+-------+-------++-------
Melee: War axe           |    94 |   155 |   138 ||   387
       Headbutt          |     9 |    17 |    18 ||    44
  Use: Scroll            |       |     9 |     1 ||    10
Armor: Leather armour    |    27 |    35 |       ||    62
       Ring mail         |       |     2 |     7 ||     9
       Chain mail        |       |       |    61 ||    61
       Skin              |       |       |     1 ||     1
Dodge: Dodged            |    68 |   167 |   147 ||   382

Table legend: (Time is in decaauts)
 A = Elapsed time spent in this place.
 B = Non-inter-level travel time spent in this place.
 C = Inter-level travel time spent in this place.
 D = Time resting spent in this place.
 E = Time spent auto-exploring this place.
 F = Levels seen in this place.
 G = Mean time per level.
                   A        B        C        D        E       F      G
               +--------+--------+--------+--------+--------+-----+--------+
         Total |   5984 |   5619 |    365 |      5 |   4624 |   9 |  664.9 |
       Dungeon |   5211 |   4846 |    365 |      0 |   4117 |   8 |  651.4 |
         Sewer |    772 |    772 |      0 |      5 |    506 |   1 |  772.0 |
               +--------+--------+--------+--------+--------+-----+--------+

Top non-repeatable levels by time:
     D:4: 1324 daAuts
     D:1: 1287 daAuts
     D:2: 1024 daAuts
   Sewer: 772 daAuts
     D:3: 664 daAuts
     D:5: 555 daAuts
     D:8: 145 daAuts
     D:7: 129 daAuts
     D:6: 80 daAuts
